 Dungeon Crawl Stone Soup version 0.19-a0-684-gf760df0 (webtiles) character file.

3512 Ordine the Thaumaturge (level 9, 0/67 HPs)
             Began as a Deep Elf Wizard on June 17, 2016.
             Was a Priest of Vehumet.
             Slain by a gargoyle
             ... wielding a +0 flail
              (7 damage)
             ... on level 8 of the Dungeon on June 18, 2016.
             The game lasted 00:50:55 (11077 turns).

Ordine the Thaumaturge (Deep Elf Wizard)           Turns: 11077, Time: 00:50:56

Health: 0/67       AC: 24    Str:  1 (4)  XL:     9   Next: 81%
Magic:  2/25       EV:  2    Int: 28 (30) God:    Vehumet [***...]
Gold:   468        SH:  4    Dex: 10 (13) Spells: 7 memorised, 11 levels left

rFire  . . .     SeeInvis +     y - +5 whip "Iquha" {elec, *Rage +Rage MR+ SInv}
rCold  . . .     Gourm    .     (armour currently unavailable)
rNeg   + + +     Faith    .     q - +0 buckler
rPois  +         Spirit   .     (helmet currently unavailable)
rElec  .         Dismiss  +     (cloak currently unavailable)
rCorr  .         Reflect  .     (gloves currently unavailable)
SustAt .         Harm     .     (boots currently unavailable)
MR     +....     Rnd*Rage +     g - amulet of dismissal
Stlth  ++........ NoTele   +    F - +3 ring of intelligence
                                K - ring of poison resistance

@: tree-form, somewhat resistant to hostile enchantments, unstealthy
A: no striking features
a: Renounce Religion, Evoke Berserk Rage


You were on level 8 of the Dungeon.
You worshipped Vehumet.
Vehumet was most pleased with you.
You were not hungry.
You were a tree.
You visited 2 branches of the dungeon, and saw 9 of its levels.

You collected 502 gold pieces.
You spent 34 gold pieces at shops.

Inventory:

Hand Weapons
 y - the +5 whip "Iquha" (weapon) {elec, *Rage +Rage MR+ SInv}
   (You found it on level 6 of the Dungeon)

   Occasionally, upon striking a foe, it will discharge some electrical energy
   and cause terrible harm.
   It affects your resistance to hostile enchantments.
   It lets you see invisible.
   It lets you go berserk.
   It may make you go berserk in combat.
Armour
 f - a +0 helmet (melded)
 l - a +1 pair of gloves (melded)
 m - a +2 pair of boots (melded)
 q - a +0 buckler (worn)
 x - the -3 cloak "Vaoript" (melded) {rN+ Int+2 Dex+3}
   (You found it on level 4 of the Dungeon)

   It affects your intelligence (+2).
   It affects your dexterity (+3).
   It protects you from negative energy.
 I - a cursed +0 robe
 M - a +0 steam dragon armour (melded)
Jewellery
 e - an uncursed ring of resist corrosion
 g - an amulet of dismissal (around neck)
 z - an uncursed ring of protection from magic
 F - a +3 ring of intelligence (right branch)
 H - an uncursed amulet of magic regeneration {unknown}
 K - a ring of poison resistance (left branch)
 N - a cursed ring of loudness {unknown}
Wands
 t - a wand of digging (12/24)
 L - a wand of paralysis (17/24)
Scrolls
 b - a scroll of immolation
 j - a scroll of enchant armour
 o - 4 scrolls of enchant weapon
 w - a scroll of recharging
 J - a scroll of amnesia
Potions
 h - a potion of might
 i - 7 potions of mutation
 u - a potion of flight
 v - a potion of agility
 B - a potion of haste
Books
 c - a book of Minor Magic

   Spells                             Type                      Level
   a - Magic Dart                     Conjuration                  1
   b - Blink                          Translocation                2
   c - Call Imp                       Summoning                    2
   d - Repel Missiles                 Charms/Air                   2
   e - Slow                           Hexes                        2
   f - Conjure Flame                  Conjuration/Fire             3
   g - Mephitic Cloud                 Conjuration/Poison/Air       3
 A - a book of Geomancy

   Spells                             Type                      Level
   a - Sandblast                      Earth                        1
   b - Passwall                       Transmutation/Earth          2
   c - Stone Arrow                    Conjuration/Earth            3
   d - Petrify                        Transmutation/Earth          4
   e - Lee's Rapid Deconstruction     Earth                        5
Comestibles
 a - 5 chunks of flesh
 d - 5 bread rations
 k - 2 slices of pizza
 p - a royal jelly
 s - 3 meat rations
 C - a beef jerky
 D - 6 fruits


   Skills:
 + Level 0.1 Fighting
 - Level 10.0 Dodging
 - Level 2.4 Stealth
 - Level 4.0 Shields
 - Level 10.0 Spellcasting
 - Level 5.0 Conjurations
 - Level 4.0 Charms
   Level 1.1 Summonings
 - Level 3.1 Translocations
 - Level 3.1 Fire Magic
 - Level 3.0 Air Magic


You had 11 spell levels left.
You knew the following spells:

 Your Spells              Type           Power        Failure   Level  Hunger
a - Magic Dart            Conj           ####         1%          1    None
b - Blink                 Tloc           N/A          1%          2    None
c - Conjure Flame         Conj/Fire      #####...     1%          3    None
d - Mephitic Cloud        Conj/Pois/Air  ####....     1%          3    None
e - Dazzling Spray        Conj/Hex       ####..       1%          3    None
f - Ignite Poison         Fire/Tmut/Pois ###.....     2%          3    None
i - Repel Missiles        Chrm/Air       ####..       1%          2    None


Dungeon Overview and Level Annotations

Branches:
Dungeon (8/15)             Temple (1/1) D:4
   Lair: D:8-11

Altars:
Ashenzari
Cheibriados
Dithmenos
Elyvilon
Fedhas
Gozag
Hepliaklqana
Kikubaaqudgha
Makhleb
Okawaru
Pakellas
Qazlal
Ru
Trog
Uskayaw
Vehumet
Xom
Yredelemnul
Zin
The Shining One

Shops:
D:5 *   D:8 *


Message History

Your magical contamination has completely faded away.
Your surroundings seem slightly different.
As you read the scroll of teleportation, it crumbles to dust.
You feel strangely unstable. The phantom barely misses you.
It was a potion of lignification.
You turn into a tree.
The -3 cloak "Vaoript" {rN+ Int+2 Dex+3} melds into your body.
Your +0 helmet melds into your body.
Your +1 pair of gloves melds into your body.
Your +2 pair of boots melds into your body.
Your +0 steam dragon armour melds into your body.
Your roots penetrate the ground.
You feel strangely stable.
The phantom blinks!
The gargoyle hits you but does no damage.
Unknown command.
Unknown command.
Unknown command.
It was a potion of degeneration.
There was something very wrong with that liquid.
You feel weakened.
You feel dopey.
You feel clumsy. The gargoyle hits you with a flail!
You die...

#......#.####...#.##.#
.#####.#.# ###.##.##.#
########## #.#.##.##.#
......... #...##.##.#
......... #.#.##.##.######
.......... #.#.##.##......#
...#####...######'#######.#
...# #...)....9..# #.# ...#
#.).....W♣..# #.# ...#
'........§..# #.# ...#
#########...# #[# ...# ..
#..(# #.# ...# ...
#...######.# ...+ ....
#÷..#.<....# ####
...#####...#.######
...'.......#.#
.W#...[...#.#


You could see a phantom and a gargoyle.

Vanquished Creatures
  Grinder (D:3)
  A steam dragon (D:8)
  A black bear (D:7)
  A phantom (D:4)
  2 orc warriors
  2 ice beasts (D:7)
  3 ogres
  2 centaurs (D:6)
  A big kobold (D:4)
  4 giant frogs
  3 scorpions
  3 howler monkeys
  6 crimson imps
  4 giant frog zombies
  3 hounds
  3 orc priests
  2 giant frog skeletons
  A jelly (D:6)
  3 iguanas
  Natasha (thrice) (D:3)
  10 orc wizards
  13 worker ants
  2 hound zombies
  A hound skeleton (D:5)
  3 gnolls (D:2)
  11 adders
  3 shadow imps
  5 oozes
  An adder skeleton (D:4)
  5 worms
  4 dart slugs
  6 giant geckos
  27 orcs
  3 ball pythons
  7 bats
  4 giant cockroaches
  6 goblins
  13 hobgoblins
  3 jackals (D:1)
  27 kobolds
  A quokka (D:6)
  A giant gecko skeleton (D:7)
  A giant gecko zombie (D:7)
  5 giant newts
  A jackal zombie (D:5)
  7 rats
219 creatures vanquished.

Vanquished Creatures (others)
  A human (D:2)
  A scorpion (D:5)
  A howler monkey (D:5)
  A hound (D:5)
  An orc (D:5)
  A giant newt (D:5)
  2 plants (D:5)
8 creatures vanquished.

Grand Total: 227 creatures vanquished

Notes
Turn   | Place    | Note
--------------------------------------------------------------
     0 | D:1      | Ordine the Deep Elf Wizard began the quest for the Orb.
     0 | D:1      | Reached XP level 1. HP: 10/10 MP: 7/7
   218 | D:1      | Reached XP level 2. HP: 15/15 MP: 2/9
   226 | D:1      | Learned a level 2 spell: Blink
   375 | D:1      | Reached skill level 5 in Spellcasting
   857 | D:1      | Reached XP level 3. HP: 19/19 MP: 4/11
   862 | D:1      | Learned a level 3 spell: Conjure Flame
   866 | D:1      | Learned a level 3 spell: Mephitic Cloud
   869 | D:1      | Learned a level 2 spell: Repel Missiles
  1465 | D:2      | Found a stormy altar of Qazlal.
  1604 | D:2      | Reached XP level 4. HP: 24/24 MP: 9/13
  1647 | D:2      | Found a hazy altar of Hepliaklqana.
  1808 | D:2      | Found an ancient bone altar of Kikubaaqudgha.
  1842 | D:2      | Noticed a human
  1843 | D:2      | Killed a human
  2344 | D:3      | Found a bloodstained altar of Trog.
  2350 | D:3      | Reached XP level 5. HP: 28/28 MP: 11/15
  2353 | D:3      | Found a radiant altar of Vehumet.
  2362 | D:3      | Became a worshipper of Vehumet
  2605 | D:3      | Noticed Natasha
  2611 | D:3      | Killed Natasha
  2730 | D:3      | Noticed Grinder
  2761 | D:3      | Noticed Natasha
  3152 | D:3      | Killed Natasha
  3335 | D:3      | Noticed Natasha
  3340 | D:3      | Killed Natasha
  3454 | D:3      | Paralysed by Grinder for 6 turns
  3462 | D:3      | Killed Grinder
  3462 | D:3      | Reached XP level 6. HP: 32/32 MP: 5/18
  3582 | D:4      | Reached skill level 1 in Shields
  3663 | D:4      | Found a shadowy altar of Dithmenos.
  3768 | D:4      | Got a jewelled cloak
  3779 | D:4      | Identified the cursed -3 cloak "Vaoript" {rN+ Int+2 Dex+3} (You found it on level 4 of the Dungeon)
  3826 | D:4      | Found a staircase to the Ecumenical Temple.
  3831 | Temple   | Entered the Ecumenical Temple
  3946 | D:4      | Reached XP level 7. HP: 36/36 MP: 7/20
  4835 | D:4      | Reached * piety under Vehumet
  4835 | D:4      | Offered knowledge of Flame Tongue by Vehumet.
  5339 | D:4      | Reached skill level 1 in Charms
  5366 | D:4      | Reached skill level 1 in Air Magic
  5527 | D:4      | Found an ancient bone altar of Kikubaaqudgha.
  5533 | D:4      | Found a shattered altar of Ashenzari.
  5560 | D:5      | Entered Level 5 of the Dungeon
  5602 | D:5      | Reached skill level 1 in Fire Magic
  5602 | D:5      | Reached XP level 8. HP: 39/41 MP: 13/22
  5647 | D:5      | Found Pocrae's General Store.
  5758 | D:4      | Offered knowledge of Throw Frost by Vehumet.
  5767 | D:4      | Reached ** piety under Vehumet
  6504 | D:5      | Found a shimmering altar of Xom.
  6701 | D:5      | Reached skill level 5 in Conjurations
  6938 | D:6      | Got a dazzling whip
  7133 | D:6      | Identified the +5 whip "Iquha" {elec, *Rage +Rage MR+ SInv} (You found it on level 6 of the Dungeon)
  7735 | D:6      | Reached skill level 10 in Spellcasting
  7877 | D:6      | Upgraded the game from 0.19-a0-680-gdf79c29 to 0.19-a0-684-gf760df0
  7887 | D:6      | Offered knowledge of Dazzling Spray by Vehumet.
  7892 | D:6      | Learned a level 3 spell: Dazzling Spray
  7897 | D:6      | Reached XP level 9. HP: 41/45 MP: 6/25
  8356 | D:7      | Reached skill level 5 in Dodging
  8632 | D:7      | Reached *** piety under Vehumet
  9567 | D:6      | Offered knowledge of Ignite Poison by Vehumet.
  9644 | D:6      | Learned a level 3 spell: Ignite Poison
 10027 | D:8      | Noticed a gargoyle
 10538 | D:8      | Found Yde Usog's Assorted Antiques.
 10547 | D:8      | Bought a scroll labeled ENILELACOM for 34 gold pieces
 10677 | D:8      | Noticed a cyclops
 11057 | D:8      | Reached skill level 10 in Dodging
 11077 | D:8      | Slain by a gargoyle

Vault maps used:
D:1:      grunt_arrival_crossed_arrows
D:2:      grunt_qazlal_clouds, marbit_many_paths, tgw_kikubaaqudgha
D:3:      vehumet_crystals, first_bread, bloody_trog, uniq_natasha, uniq_grinder
D:4:      old_standard_altar, minitemple, temple_doors_c
D:5:      kennysheep_kobold_camp, xom_confusion_cloud, serial_shops, shop
D:8:      kennysheep_blocky_room, kennysheep_little_box, serial_shops,
          nicolae_shop_behind_doors, grunt_ogre_cave
Temple:   circular_temple_12

Skill      XL: |  1  2  3  4  5  6  7  8  9 |
---------------+----------------------------+-----
Spellcasting   | 5 6 7 8 10 | 10.0
Conjurations   | 2 3 4 5 |  5.0
Translocations | 2 3 |  3.1
Shields        | 2 4 |  4.0
Charms         | 1 4 |  4.0
Air Magic      | 1 3 |  3.0
Fire Magic     | 1 3 |  3.1
Dodging        | 3 10 | 10.0
Fighting       | |  0.1
Stealth        | |  2.4
Summonings     | |  1.1

Action                   |  1- 3 |  4- 6 |  7- 9 || total
-------------------------+-------+-------+-------++-------
Melee: Dagger            |       |     1 |    36 ||    37
       Whip              |       |       |     9 ||     9
 Cast: Magic Dart        |   101 |   170 |   471 ||   742
       Repel Missiles    |     1 |     1 |     1 ||     3
       Mephitic Cloud    |       |     3 |    16 ||    19
       Conjure Flame     |       |     1 |     8 ||     9
       Blink             |       |       |    14 ||    14
       Dazzling Spray    |       |       |    86 ||    86
       Ignite Poison     |       |       |     6 ||     6
  Use: Scroll            |       |    13 |    17 ||    30
       Potion            |       |     1 |     6 ||     7
 Stab: Sleeping          |       |       |     1 ||     1
  Eat: Chunk             |     2 |     7 |    19 ||    28
       Beef jerky        |       |       |     1 ||     1
       Fruit             |       |       |     1 ||     1
Armor: Robe              |     5 |    12 |    18 ||    35
       Skin              |       |       |     1 ||     1
Dodge: Dodged            |    13 |    24 |   108 ||   145
       Deflected         |     1 |       |     4 ||     5
Block: Buckler           |       |       |    34 ||    34
